 Dungeon Crawl Stone Soup version 0.31.0-11-ge490571c62 (webtiles) character file.

Game seed: 6135893040047570263

802 shmup the Arsonist (level 7, -1/15 HPs)
             Began as a Yellow Draconian Fire Elementalist on Feb 4, 2024.
             Killed by divine providence
             ... invoked by an orc priest
              (12 damage)
             ... on level 5 of the Dungeon.
             The game lasted 00:14:11 (5129 turns).

shmup the Arsonist (DrFE)                           Turns: 5129, Time: 00:14:12

Health: -1/15      AC:  7    Str: 10    XL:     7   Next: 59%
Magic:  10/10      EV: 31    Int: 21    God:
Gold:   80         SH:  0    Dex: 11    Spells: 7/10 levels left

rFire   . . .        p - melded +0 mace (spect)
rCold   . . .        (shield currently unavailable)
rNeg    . . .        (body armour unavailable)
rPois   .            (helmet restricted)
rElec   .            (no cloak)
rCorr   +            (no gloves)
SInv    .            D - +0 pair of boots
Will    .....        l - amulet of the acrobat
Stlth   +            C - ring of resist corrosion
HPRegen 0.22/turn    (no ring)
MPRegen 0.12/turn

%: acrobat
@: flux-form, acrobatic, glowing
A: glow, contaminating, reduced hp, spit acid, AC +6, unfitting armour,
cold-blooded, acid resistance
a: Breathe Acid, Begin Untransformation


You were on level 5 of the Dungeon.
You were something dangerously unstable.
You visited 1 branch of the dungeon, and saw 5 of its levels.

You collected 204 gold pieces.
You spent 124 gold pieces at shops.

Inventory:

Hand Weapons
 g - a +0 dagger
 p - a +0 spectral mace (melded)
 B - a +2 trident of pain
Missiles
 c - 35 stones (quivered)
 f - 6 poisoned darts
Armour
 k - a +1 cloak
 D - a +0 pair of boots (worn)
 H - a +0 buckler
Jewellery
 d - an amulet of guardian spirit
 l - an amulet of the acrobat (around neck)
 z - an amulet of faith
 C - a ring of resist corrosion (left hand)
 E - a ring of poison resistance
Talismans
 y - the flux talisman "Fodileem" (active) {Int+3}
   (You found it on level 4 of the Dungeon)

   [flux talisman]

   Int+3:     It affects your intelligence (+3).
Wands
 s - a wand of polymorph (12)
 x - a wand of flame (25)
Scrolls
 q - 2 scrolls of vulnerability
 w - 2 scrolls of brand weapon
 A - a scroll of blinking
 F - a scroll of teleportation
Potions
 a - a potion of magic
 b - a potion of cancellation
 e - a potion of enlightenment
 h - a potion of heal wounds
 i - a potion of curing
 j - 3 potions of invisibility
 m - 2 potions of mutation
 n - a potion of attraction
 o - a potion of might {unknown}
 r - a potion of lignification {unknown}
 t - a potion of resistance {unknown}
 u - a potion of degeneration
 v - a potion of brilliance {unknown}
 G - a potion of haste {unknown}


   Skills:
 - Level 1.7 Dodging
 - Level 1.7 Stealth
 - Level 2.0 Spellcasting
 - Level 1.0 Conjurations
 + Level 9.1 Fire Magic


You had 7 spell levels left.
You knew the following spells:

 Your Spells              Type           Power      Damage    Failure   Level
a - Foxfire               Conj/Fire      92%        2x1d8     1%          1
b - Scorch                Fire           80%        2d8       1%          2

Your spell library contained the following spells:

 Spells                   Type           Power      Damage    Failure   Level
 Inner Flame              Hex/Fire       21%        N/A       7%          3
 Volatile Blastmotes      Fire/Tloc      42%        2d13      7%          3
 Kiss of Death            Conj/Necr      16%        2d6       12%         1
 Flame Wave               Conj/Fire      23%        2d8       19%         4
 Confusing Touch          Hex            2%         N/A       41%         3
 Dispel Undead            Necr           2%         3d7       82%         4


Dungeon Overview and Level Annotations

Branches:
Dungeon (5/15) Zot: 24863
 Temple: D:4-7

Altars:
The Shining One

Shops:
D:1 *   D:4 ==

Annotations:
D:1 exclusion: downstairs


Innate Abilities, Weirdness & Mutations

You are something dangerously unstable.
You glow with magical radiation, making you easy to see and hit.
Foes you strike become dangerously contaminated with magical radiation.
Your maximum health is decreased, since you lack skill for your form.
You are incapable of wielding weapons or throwing items.
You can spit globs of acid.
Your golden yellow scales are hard. (AC +6)
You cannot fit into any form of body armour.
You are cold-blooded and may be slowed by cold attacks.
You are resistant to acid. (rCorr)


Message History

The foxfire hits the orc but does no damage.
Okay, then.
Unknown command.
Unknown command.
Okay, then.
Unknown command.
Unknown command.
Unknown command.
An adder comes into view.
You hear some strange, mumbled words.
You are confused.
The orc priest casts a cantrip, but nothing happens.
Something hits you but does no damage. The orc attacks as it pursues you!
The orc misses you.
You bump into the rock wall.
You hear some strange, mumbled words.
Something tries to affect you, but you resist.
The orc closely misses you. The adder completely misses you.
Something completely misses you.
You closely miss the adder. The adder closely misses you. Something hits you.
You hit the orc.
The orc begins to glow.
The orc is lightly wounded.
The adder bites you.
You are poisoned.
The adder poisons you!
You hear some strange, mumbled words.
A puff of flame appears from out of thin air!
The puff of flame misses you.
You feel less confused.
You feel sick. The orc misses you.
You feel sick. The adder closely misses you.
The bombardier beetle waves its antennae.
You feel sick.
You feel sick.
You are no longer poisoned.
The orc stops glowing.
The orc priest invokes the aid of Beogh against you.
Beogh smites you!
Ouch! That really hurt!
You die...

............▒............
............▒............
.......B....▒▒▒▒▒+▒▒▒▒▒'▒
▒▒▒▒▒▒▒▒.................
▒.......).........
▒.o...............
▒.................
▒So...............
▒▒+▒▒p.............▒▒▒
▒......▒▒▒▒▒.......▒..
▒......▒ ▒▒▒▒▒▒▒▒▒..
▒......▒ ▒... ▒......▒
+... ▒......▒ ▒...
▒.<....▒ ▒... ▒▒▒▒▒▒▒▒
▒▒▒▒


You could see a bombardier beetle, an orc priest, an adder and an orc.

Vanquished Creatures
  2 ogres
  5 scorpions
  2 jellies
  A bombardier beetle (D:4)
  2 hounds
  A sleepcap (D:5)
  An iguana (D:5)
  Terence (D:2)
  An orc wizard (D:4)
  2 adders
  2 dart slugs
  A ribbon worm (D:2)
  5 orcs
  4 bats
  2 endoplasms (D:1)
  3 giant cockroaches
  5 goblins
  8 hobgoblins
  4 quokkas
  10 ball pythons
  5 frilled lizards
  4 kobolds
  5 rats
76 creatures vanquished.

Vanquished Creatures (others)
  197 foxfires
197 creatures vanquished.

Grand Total: 273 creatures vanquished

Notes
Turn   | Place    | Note
-------+----------+-------------------------------------------
     0 | D:1      | shmup the Draconian Fire Elementalist began the quest for
                  | the Orb.
     0 | D:1      | Reached XP level 1. HP: 14/14 MP: 3/3
   460 | D:1      | Reached XP level 2. HP: 20/20 MP: 3/5
   564 | D:1      | Found Bawyrch's Assorted Antiques.
   695 | D:1      | Found a faded altar of an unknown god.
   699 | D:1      | Learned a level 2 spell: Scorch
   901 | D:1      | Reached skill level 4 in Fire Magic
  1374 | D:2      | Reached XP level 3. HP: 26/26 MP: 1/6
  1801 | D:2      | Found a glowing golden altar of the Shining One.
  1895 | D:2      | Noticed a scorpion
  1904 | D:2      | Killed a scorpion
  1905 | D:2      | Reached skill level 5 in Fire Magic
  1905 | D:2      | Reached XP level 4. HP: 15/33 MP: 0/7
  2074 | D:2      | Noticed Terence
  2080 | D:2      | Killed Terence
  2406 | D:3      | Reached XP level 5. HP: 33/38 MP: 1/8
  3284 | D:1      | Bought 3 scrolls labelled VIPUON FAUFROK for 93 gold pieces
  3284 | D:1      | Bought a scroll labelled GEKUHU GICWUAJI for 31 gold pieces
  3401 | D:4      | Reached skill level 6 in Fire Magic
  3532 | D:4      | Reached XP level 6. HP: 45/45 MP: 4/9
  3649 | D:4      | Found Peibiapn's Jewellery Emporium.
  3711 | D:4      | Reached skill level 7 in Fire Magic
  3772 | D:4      | Identified the flux talisman "Fodileem" {Int+3}
  4083 | D:4      | Reached skill level 8 in Fire Magic
  4346 | D:4      | Your scales start taking on a golden yellow colour.
  4346 | D:4      | Reached XP level 7. HP: 15/50 MP: 6/10
  4346 | D:4      | Gained mutation: You are resistant to acid. (rCorr) [Yellow
                  | Draconian growth]
  4433 | D:4      | Found Hucom's Jewellery Shop.
  4524 | D:5      | Entered Level 5 of the Dungeon
  4917 | D:5      | Reached skill level 9 in Fire Magic
  5129 | D:5      | Killed from afar by an orc priest

Illustrated notes

Levels and vault maps discovered:
D:1:      dpeg_arrival_renting, layout_basic,
          shapermc_ecumenical_altar_starsandcircs, serial_shops, shop,
          minmay_box_of_dots
D:2:      layout_rooms, basic_altar, uniq_terence
D:3:      layout_basic
D:4:      layout_basic, serial_shops, nicolae_take_the_stairs,
          kennysheep_mini_moat, kennysheep_generic_room_8
D:5:      layout_gridville, minmay_misc_feat_iff, uniq_blork_the_orc

Skill      XL: |  1  2  3  4  5  6  7 |
---------------+----------------------+-----
Fire Magic     | 4 5 6 8 9 |  9.1
Dodging        | |  1.7
Stealth        | |  1.7
Spellcasting   | |  2.0
Conjurations   | |  1.0

Action                     |  1- 3 |  4- 6 |  7- 9 || total
---------------------------+-------+-------+-------++-------
  Melee: Dagger            |    19 |       |       ||    19
         Tailslap          |     4 |     4 |       ||     8
         Mace              |       |    13 |       ||    13
         Unarmed           |       |     6 |     2 ||     8
   Cast: Foxfire           |    56 |    39 |    17 ||   112
         Scorch            |     4 |    17 |    10 ||    31
    Use: Scroll            |     3 |     5 |     6 ||    14
 Armour: Skin              |    24 |    12 |     3 ||    39
  Dodge: Dodged            |    42 |    17 |    14 ||    73
   Form: Flux              |       |     1 |       ||     1
